 Dungeon Crawl Stone Soup version 0.17-a0-957-ga3519be (webtiles) character file.

208 namelastname112 the Digger (level 5, -6/38 HPs)
             Began as a Draconian Earth Elementalist on May 7, 2015.
             Killed by divine providence
             ... invoked by an orc priest
              (13 damage)
             ... on level 3 of the Dungeon.
             The game lasted 00:09:29 (3350 turns).

namelastname112 the Digger (DrEE)                   Turns: 3350, Time: 00:09:29

Health: -6/38      AC:  3    Str: 10    XL:     5   Next: 55%
Magic:  6/11       EV: 12    Int: 13    God:
Gold:   116        SH:  0    Dex: 12    Spells: 3 memorised, 6 levels left

rFire  . . .     SeeInvis .     m - +1 whip (venom)
rCold  . . .     Clarity  .     (armour unavailable)
rNeg   . . .     SustAb   .     (no shield)
rPois  .         Gourm    .     (helmet restricted)
rElec  .         Spirit   .     (no cloak)
rCorr  .         Warding  .     (no gloves)
rMut   .         Stasis   .     (no boots)
MR     .....                    j - amulet of inaccuracy (curse)
Stlth  ++........               r - -2 ring of protection (curse)
                                t - -3 ring of intelligence (curse)

@: not resistant to hostile enchantments, unstealthy
A: unfitting armour, cold-blooded, AC +5
a: no special abilities


You were on level 3 of the Dungeon.
You were very hungry.

You visited 1 branch of the dungeon, and saw 5 of its levels.

You collected 116 gold pieces.

Inventory:

Hand weapons
 m - a +1 whip of venom (weapon)
Missiles
 a - 158 stones (quivered)
Jewellery
 j - a cursed amulet of inaccuracy (around neck)
 r - a cursed -2 ring of protection (right hand)
 t - a cursed -3 ring of intelligence (left hand)
Magical devices
 o - a wand of polymorph (1)
 s - a wand of magic darts (22)
Scrolls
 l - 2 scrolls of amnesia
 n - 3 scrolls of teleportation
 q - 2 scrolls of identify
Potions
 d - a potion of curing
 e - a potion of heal wounds {unknown}
 f - 2 potions of invisibility
 g - 2 potions of beneficial mutation {unknown}
 i - 2 potions of might {unknown}
 p - 2 potions of magic {unknown}
 u - a potion of agility {unknown}
Books
 b - a book of Geomancy

   Spells                             Type                      Level
   a - Sandblast                      Earth                        1
   b - Stoneskin                      Transmutation/Earth          2
   c - Passwall                       Transmutation/Earth          3
   d - Stone Arrow                    Conjuration/Earth            3
   e - Petrify                        Transmutation/Earth          4
   f - Lee's Rapid Deconstruction     Earth                        5
Comestibles
 c - 2 bread rations
 h - 2 meat rations
 k - 5 fruits


   Skills:
 - Level 1.7 Dodging
 - Level 1.7 Stealth
 + Level 4.1 Spellcasting
 - Level 1.0 Transmutations
 + Level 4.9 Earth Magic


You had 6 spell levels left.
You knew the following spells:

 Your Spells              Type           Power        Failure   Level  Hunger
a - Stone Arrow           Conj/Erth      #.....       28%         3    ###....
b - Stoneskin             Trmt/Erth      ##......     12%         2    ##.....
z - Sandblast             Erth           ###...       3%          1    None


Dungeon Overview and Level Annotations

Branches:
Dungeon (5/15)
 Temple: D:4-7

Altars:
Cheibriados

Annotations:
D:3 Sigmund


Innate Abilities, Weirdness & Mutations

Your plain brown scales are hard (AC +5).
Your body does not fit into most forms of armour.
You are cold-blooded and may be slowed by cold attacks.


Message History

Casting: Sandblast
Confirm with . or Enter, or press ? or * to list all spells.
Aiming: Sandblast
Press: ? - help, Shift-Dir - straight line, f/p - orc
Aim: an orc, wielding a trident (lightly wounded)
The blast of sand hits the orc.
The orc is heavily wounded.
The orc misses you.
Casting: Sandblast
Confirm with . or Enter, or press ? or * to list all spells.
Aiming: Sandblast
Press: ? - help, Shift-Dir - straight line, f/p - orc
Aim: an orc, wielding a trident (heavily wounded)
The blast of sand hits the orc.
You kill the orc!
An orc priest comes into view. It is wielding an enchanted whip.
The orc priest shouts!
The orc priest calls down the wrath of Beogh upon you.
Something smites you!
You die...

#.........#.#
#....o....#.# #######
#.........#.# .?.....
#.........#.# o......
######.####.# s......
#####..###.# .......
#..........#
.......#####'#........#
.@.....o.##.....@.....#
.......#.##...........#
##.....#%##...........#
.......#.##...####..#(#
########.##...# ##.#.#
#)##...# #...# #))†...#
##..# ####...# #.>#
#...# ####


You could see an orc priest.

Vanquished Creatures
  A hound (D:4)
  2 worker ants
  6 adders
  3 giant geckos
  6 orcs (D:3)
  A ball python (D:4)
  A bat skeleton (D:4)
  6 hobgoblins
  2 jackals (D:2)
  6 bats
  5 giant cockroaches
  6 giant newts
  2 goblins (D:3)
  A jackal zombie (D:3)
  11 kobolds
  A quokka (D:3)
  10 rats
70 creatures vanquished.

Notes
Turn   | Place    | Note
--------------------------------------------------------------
     0 | D:1      | namelastname112, the Draconian Earth Elementalist, began the quest for the Orb.
     0 | D:1      | Reached XP level 1. HP: 14/14 MP: 3/3
   136 | D:1      | Reached XP level 2. HP: 10/20 MP: 1/5
   897 | D:2      | Reached XP level 3. HP: 24/26 MP: 1/6
   922 | D:2      | Found a snail-covered altar of Cheibriados.
  1300 | D:2      | Reached skill level 4 in Earth Magic
  1769 | D:3      | You fall through a shaft for 2 floors!
  1769 | D:5      | Entered Level 5 of the Dungeon
  1791 | D:4      | Reached XP level 4. HP: 29/33 MP: 2/8
  2155 | D:3      | Learned a level 3 spell: Stone Arrow
  2158 | D:3      | Learned a level 2 spell: Stoneskin
  2208 | D:3      | Reached XP level 5. HP: 13/38 MP: 2/10
  3190 | D:3      | Noticed Sigmund
  3350 | D:3      | Killed from afar by an orc priest

Action                   |  1- 3 |  4- 6 || total
-------------------------+-------+-------++-------
Melee: Short sword       |    24 |       ||    24
       Whip              |    45 |   111 ||   156
 Cast: Sandblast         |    67 |    53 ||   120
       Stone Arrow       |       |     2 ||     2
       Stoneskin         |       |     1 ||     1
  Use: Scroll            |     6 |     2 ||     8
       Potion            |       |     2 ||     2
  Eat: Chunk             |     2 |     4 ||     6
       Fruit             |     1 |     1 ||     2
